 Dungeon Crawl Stone Soup version 0.29.1-2-gbd0b4ee654 (webtiles) character file.

Game seed: 18320676649632443876

79 Hadkhar the Shield-Bearer (level 4, -3/37 HPs)
             Began as a Formicid Fighter on Nov 12, 2022.
             Slain by Robin
             ... wielding a +0 dagger
              (4 damage)
             ... on level 2 of the Dungeon.
             The game lasted 00:07:18 (1777 turns).

Hadkhar the Shield-Bearer (Formicid Fighter)        Turns: 1777, Time: 00:07:18

Health: -3/37      AC:  7    Str: 22    XL:     4   Next: 62%
Magic:  4/4        EV:  9    Int:  8    God:
Gold:   76         SH:  5    Dex: 13    Spells: 3/3 levels left

rFire   . . .      SeeInvis +   a - +0 war axe
rCold   . . .      Faith    .   c - +0 buckler
rNeg    . . .      Spirit   .   b - +0 scale mail
rPois   .          Reflect  .   (helmet unavailable)
rElec   .          Harm     .   (no cloak)
rCorr   .          Rampage  .   (no gloves)
Will    .....                   (no boots)
Stlth   ..........              (no amulet)
HPRegen 0.12/turn               (no ring)
MPRegen 0.09/turn               (no ring)

@: mighty
A: permanent stasis, dig shafts and tunnels, antennae 3, four strong arms
a: Dig, Shaft Self


You were on level 2 of the Dungeon.
You visited 1 branch of the dungeon, and saw 2 of its levels.

You collected 76 gold pieces.

Inventory:

Hand Weapons
 a - a +0 war axe (weapon)
Missiles
 e - 5 datura-tipped darts
 o - 4 atropa-tipped darts
 p - 2 curare-tipped darts
Armour
 b - a +0 scale mail (worn)
 c - a +0 buckler (worn)
Scrolls
 g - a scroll of blinking {unknown}
 h - a scroll of brand weapon {unknown}
 i - 2 scrolls of teleportation {unknown}
 j - a scroll of magic mapping {unknown}
 k - a scroll of enchant armour {unknown}
 l - 3 scrolls of identify {unknown}
 n - a scroll of fear {unknown}
Potions
 f - 2 potions of heal wounds {unknown}
 m - a potion of curing {unknown}


   Skills:
 + Level 4.0 Fighting
 + Level 2.8 Axes
 + Level 3.9 Armour
 + Level 4.8 Shields


You had 3 spell levels left.
You didn't know any spells.
Your spell library was empty.

Dungeon Overview and Level Annotations

Branches:
Dungeon (2/15)

Altars:

Annotations:
D:2 Robin


Innate Abilities, Weirdness & Mutations

You cannot be hasted, slowed, berserked, paralysed or teleported.
You can dig through walls and to a lower floor.
You have a pair of large antennae on your head. (SInv)
Your four strong arms can wield two-handed weapons with a shield.


Message History

The goblin misses you. You block the adder's attack.
You slash the adder!
You kill the adder!
You barely miss the goblin. You completely miss the goblin. You hit the goblin.
You kill the goblin!
The goblin barely misses you. You block the goblin's attack.
Your Fighting skill increases to level 4!
You closely miss the hobgoblin. You closely miss the goblin.
You hit the goblin.
You kill the goblin!
The hobgoblin no longer looks unusually strong.
Robin roars a battlecry!
The goblins go into a battle-frenzy!
You block the goblin's attack.
The hobgoblin hits you but does no damage.
The goblin hits you but does no damage. The hobgoblin barely misses you.
You slash the hobgoblin!
You kill the hobgoblin!
You barely miss the goblin. You closely miss Robin.
The goblin hits you but does no damage. Robin hits you with a +0 dagger.
* * * LOW HITPOINT WARNING * * *
You closely miss the hobgoblin. You barely miss the goblin.
You barely miss Robin.
The hobgoblin no longer looks unusually strong.
A quokka comes into view.
The goblin hits you with a +0 club.
* * * LOW HITPOINT WARNING * * *
The hobgoblin hits you but does no damage.
Robin barely misses you. You block the goblin's attack.
The hobgoblin barely misses you. Robin hits you but does no damage.
You barely miss Robin. You closely miss the goblin.
You barely miss the hobgoblin. The hobgoblin hits you.
* * * LOW HITPOINT WARNING * * *
You block the goblin's attack.
Robin roars a battlecry!
The hobgoblin goes into a battle-frenzy!
You barely miss Robin. You closely miss the goblin. You slash the hobgoblin!
You kill the hobgoblin!
The goblin hits you but does no damage. Robin hits you with a +0 dagger.
You die...

#### ...# ...... ...#
..... ...# .... ...#
##### ... ..#### #...#
{.. . .....# #...# J#
..#
..##.###...######(#S...#
...............g@ggww..'
...............)########
...#.###...####.####
####.###...####....#
#.##.........##.#
#.##.........# #
####................
...####.........##.#
...# #.........# .#


You could see Robin, 2 dart slugs, an endoplasm, a hobgoblin (strong), a goblin
(strong) and a ball python.

Vanquished Creatures
  4 adders (D:2)
  3 worms (D:2)
  A dart slug (D:2)
  2 bats
  An endoplasm (D:1)
  10 goblins
  3 hobgoblins
  A quokka (D:2)
  A ball python (D:2)
  4 frilled lizards
  4 kobolds
34 creatures vanquished.

Notes
Turn   | Place    | Note
-------+----------+-------------------------------------------
     0 | D:1      | Hadkhar the Formicid Fighter began the quest for the Orb.
     0 | D:1      | Reached XP level 1. HP: 18/18 MP: 1/1
   203 | D:1      | Found a faded altar of an unknown god.
   209 | D:1      | Reached XP level 2. HP: 10/24 MP: 2/2
   916 | D:2      | Reached XP level 3. HP: 5/29 MP: 3/3
  1609 | D:2      | Reached XP level 4. HP: 35/37 MP: 4/4
  1756 | D:2      | Noticed Robin
  1776 | D:2      | HP: 1/37 [hobgoblin (2)]
  1777 | D:2      | Slain by Robin

Illustrated notes

Levels and vault maps discovered:
D:1:      saegor_arrival_miasma, layout_basic, ebering_ecumenical_altar_mist
D:2:      layout_basic, grunt_decor_clamped, uniq_robin, uniq_crazy_yiuf_cottage

Skill      XL: |  1  2  3  4 |
---------------+-------------+-----
Fighting       | 4 |  4.0
Axes           | |  2.8
Armour         | |  3.9
Shields        | |  4.8

Action                   |  1- 3 |  4- 6 || total
-------------------------+-------+-------++-------
Melee: War axe           |    78 |    21 ||    99
 Abil: Dig               |     1 |       ||     1
  Use: Potion            |       |     1 ||     1
Armor: Scale mail        |    37 |    39 ||    76
Dodge: Dodged            |    28 |    29 ||    57
Block: Buckler           |    26 |    12 ||    38
